Map: Catalyst LE

Players

Bombs

  • Race: Zerg Zerg
  • Spawn Location: 5:00

A.I. 2 (Elite) - Winner!

  • Race: Protoss Protoss
  • Spawn Location: 11:00

VOD

Have the link to the VOD?

Description

Time

  • Played on: March 22, 2018, 8:23 p.m.
  • Length: 25:27
Show
View Real Time Build Order
Export as new Build Order

Bombs Zerg 

Build Orders: Hatch First 

Get SALT Encoding   

  12  0:01  Drone  
  13  0:13  Overlord  
  13  0:18  Drone  
  14  0:31  Drone x2  
  17  0:35  Drone  
  17  0:53  Hatchery  
  17  0:56  Drone  
  17  1:11  Spawning Pool  
  16  1:13  Drone  
  16  1:17  Extractor  
  16  1:18  Drone  
  16  1:21  Drone  
  18  1:28  Drone  
  19  1:40  Overlord  
  19  1:51  Drone  
  20  2:01  Zergling x2  
  20  2:05  Queen x2  
  20  2:07  Zergling x2  
  26  2:15  Drone  
  26  2:18  Metabolic Boost  
  26  2:20  Drone  
  28  2:24  Drone  
  29  2:30  Drone  
  29  2:36  Overlord  
  30  2:38  Overlord  
  30  2:45  Queen  
  30  2:48  Drone  
  33  2:53  Drone  
  33  2:58  Drone  
  35  3:00  Drone  
  36  3:07  Pneumatized Carapace  
  36  3:12  Drone x2  
  38  3:13  Drone  
  38  3:19  Drone x5  
  44  3:21  Drone  
  45  3:37  Hatchery  
  45  3:39  Drone  
  45  3:40  Drone x2  
  47  3:49  Overlord  
  47  3:50  Drone  
  47  3:51  Drone x3  
  51  3:56  Roach Warren  
  51  3:59  Spore Crawler  
  51  4:02  Spore Crawler  
  48  4:04  Drone x2  
  48  4:06  Drone x2  
  52  4:20  Overlord, Drone  
  52  4:21  Drone x6  
  59  4:29  Lair  
  59  4:34  Extractor  
  59  4:35  Extractor  
  57  4:41  Evolution Chamber x2  
  55  4:50  Queen  
  55  4:51  Overlord x2  
  57  4:58  Roach x5  
  67  5:00  Roach  
  67  5:01  Roach  
  67  5:07  Overlord x2  
  71  5:17  Zerg Ground Armor Level 1  
  71  5:26  Roach  
  71  5:27  Roach x4  
  81  5:29  Drone x5  
  86  5:35  Spore Crawler  
  85  5:44  Drone  
  85  5:45  Drone x6  
  85  5:48  Drone  
  93  5:52  Hydralisk Den  
  93  5:56  Overlord x2  
  92  6:06  Zerg Missile Weapons Level 1  
  92  6:09  Overlord x2  
  92  6:14  Extractor  
  92  6:15  Extractor  
  92  6:16  Extractor  
  89  6:23  Drone x9  
  99  6:32  Drone  
  99  6:33  Drone x9  
  108  6:40  Grooved Spines  
  108  6:53  Overlord x2  
  108  6:56  Hydralisk  
  108  6:57  Hydralisk x3  
  116  7:04  Overlord x3  
  116  7:07  Hatchery  
  115  7:17  Hydralisk x6  
  115  7:18  Hydralisk x2  
  131  7:26  Baneling Nest  
  131  7:37  Zergling x26  
  143  7:51  Muscular Augments  
  143  7:53  Hydralisk x4  
  151  8:07  Overlord  
  151  8:08  Hydralisk, Overlord  
  151  8:09  Hydralisk x8  
  169  8:24  Overlord  
  169  8:25  Overlord  
  169  8:41  Hydralisk x10, Roach  
  171  8:44  Zergling x14  
  171  8:46  Overlord  
  198  9:01  Centrifical Hooks  
  198  9:06  Baneling x12  
  198  9:14  Queen  
  162  9:41  Hydralisk x11  
  162  9:44  Zergling x8  
Show
View Real Time Build Order
Export as new Build Order

A.I. 2 (Elite) Protoss - Winner!

Build Orders: Colossus Rush 

Get SALT Encoding   

  12  0:00  Probe  
  13  0:13  Probe  
  14  0:21  Pylon  
  14  0:25  Probe  
  15  0:35  Probe  
  16  0:43  Probe  
  16  0:47  Assimilator  
  17  0:50  Gateway  
  17  0:52  Probe  
  18  1:00  Pylon, Probe  
  19  1:08  Probe  
  20  1:19  Probe  
  21  1:31  Probe  
  22  1:38  Zealot  
  24  1:41  Cybernetics Core  
  24  1:43  Probe  
  25  2:00  Nexus  
  25  2:04  Probe  
  26  2:16  Stalker, Probe  
  26  2:18  Warp Gate  
  29  2:28  Probe  
  29  2:29  Pylon  
  30  2:40  Probe  
  30  2:41  Gateway  
  31  2:45  Assimilator  
  31  2:48  Adept  
  31  2:52  Probe  
  34  3:00  Pylon  
  34  3:03  Probe  
  35  3:10  Adept  
  35  3:11  Probe  
  35  3:12  Probe  
  39  3:24  Probe  
  40  3:31  Robotics Facility  
  40  3:34  Adept  
  42  3:36  Probe  
  42  3:38  Probe  
  44  3:42  Adept  
  44  3:48  Probe  
  47  3:50  Probe  
  48  3:59  Probe  
  48  4:00  Probe  
  48  4:01  Adept  
  48  4:02  Adept  
  52  4:08  Probe  
  54  4:12  Probe  
  56  4:19  Probe  
  56  4:21  Pylon  
  56  4:23  Robotics Bay  
  57  4:24  Probe  
  57  4:25  Observer  
  59  4:32  Robotics Facility  
  59  4:33  Probe  
  60  4:41  Stalker, Pylon  
  62  4:47  Stalker  
  62  4:51  Pylon, Probe  
  62  4:52  Probe  
  66  5:11  Gateway  
  66  5:21  Pylon  
  66  5:22  Zealot  
  66  5:24  Colossus  
  66  5:25  Zealot  
  76  5:34  Pylon  
  76  5:35  Zealot  
  76  5:39  Probe  
  78  5:45  Zealot, Probe  
  78  5:46  Assimilator  
  78  5:47  Twilight Council  
  78  5:49  Assimilator  
  81  5:51  Probe  
  81  5:52  Stalker  
  84  6:06  Zealot x2, Probe  
  84  6:08  Pylon, Probe  
  90  6:15  Zealot  
  90  6:16  Probe  
  92  6:18  Nexus  
  92  6:20  Probe  
  94  6:26  Probe  
  94  6:27  Dark Shrine  
  95  6:38  Sentry  
  97  6:41  Forge  
  97  6:44  Stalker  
  97  6:45  Pylon  
  99  6:48  Stalker  
  101  6:58  Forge  
  101  7:01  Stalker  
  101  7:07  Stalker  
  105  7:08  Pylon  
  105  7:11  Sentry  
  107  7:20  Protoss Ground Armor Level 1  
  107  7:26  Protoss Ground Weapons Level 1  
  107  7:27  Pylon  
  107  7:30  Probe x2  
  107  7:31  Probe  
  107  7:33  Gateway  
  110  7:40  Dark Templar x2  
  110  7:42  Stalker, Probe  
  110  7:44  Probe x2  
  118  7:46  Assimilator  
  118  7:47  Assimilator  
  119  7:54  Probe  
  119  7:56  Immortal, Probe x2  
  126  8:05  Stalker  
  128  8:06  Archon, Probe  
  128  8:08  Probe  
  128  8:09  Probe  
  128  8:12  Stalker, Pylon  
  133  8:13  Dark Templar  
  133  8:16  Probe  
  133  8:19  Probe  
  136  8:21  Probe  
  136  8:24  Probe  
  138  8:27  Stalker  
  138  8:28  Dark Templar  
  138  8:29  Probe  
  138  8:30  Immortal  
  138  8:31  Probe  
  138  8:33  Pylon  
  149  8:36  Sentry  
  149  8:40  Photon Cannon  
  151  8:42  Pylon  
  151  8:43  Charge  
  151  8:44  Pylon, Archon  
  151  8:51  Dark Templar  
  153  8:58  Dark Templar  
  153  9:01  Photon Cannon  
  155  9:04  Photon Cannon  
  155  9:08  Photon Cannon  
  155  9:10  Pylon  
  155  9:13  Photon Cannon, Nexus  
  155  9:16  Zealot  
  157  9:17  Observer  
  157  9:19  Zealot  
  157  9:21  Observer  
  157  9:23  Zealot  
  153  9:31  Zealot  
  153  9:35  Warp Prism  
  153  9:36  Zealot  
  153  9:38  Sentry  
  127  9:39  Zealot  
  107  9:51  Stalker  
  101  9:56  Stalker, Sentry  
  103  10:00  Zealot  
  103  10:03  Colossus  
  111  10:10  Colossus  
  117  10:14  Adept  
Tags
 
Matchup
PvZ
Spawn Locations
Cross Positions
Add a new tag
Caveats
  • Supply blocks, unpowered buildings, or Contaminate may cause inaccurate times.
  • Supply counts are checked every 10 seconds.